 Dungeon Crawl Stone Soup version 0.30-a0-723-gc1506a1cf0 (webtiles) character file.

Game seed: 15740185934628079387

109188 jimonade the Markself (level 16, -10/85 (90) HPs)
             Began as a Deep Elf Hunter on Jan 29, 2023.
             Was the Champion of Hepliaklqana.
             Mangled by an orc warlord
             ... wielding a +1 dire flail of draining
              (29 damage)
             ... on level 1 of the Orcish Mines.
             The game lasted 01:50:30 (24694 turns).

jimonade the Markself (Deep Elf Hunter)            Turns: 24694, Time: 01:50:31

HP:   -10/85 (90)   AC: 14    Str: 10    XL:     16   Next: 4%
MP:   34/37         EV: 21    Int: 17    God:    Hepliaklqana [******]
Gold: 2710          SH:  0    Dex: 28    Spells: 34/46 levels left

rFire   . . .      SeeInvis .    a - +5 shortbow (freeze)
rCold   . . .      Faith    .    (shield currently unavailable)
rNeg    . . .      Spirit   .    I - +0 steam dragon scales
rPois   .          Reflect  .    T - +2 helmet
rElec   .          Harm     .    l - +1 cloak {Will+}
rCorr   .          Rampage  .    x - +2 pair of gloves
Will    ++...                    r - +0 pair of boots
Stlth   +++                      N - amulet of magic regeneration
HPRegen 0.34/turn                o - ring of flight
MPRegen 0.65/turn                n - +6 ring of dexterity

@: portalling projectiles, flying, drained
A: reduced essence
a: Renounce Religion, Recall Ancestor, Ancestor Identity, Transference, Idealise


You were on level 1 of the Orcish Mines.
You worshipped Hepliaklqana.
Hepliaklqana was exalted by your worship.
You visited 4 branches of the dungeon, and saw 23 of its levels.
You also visited: Bailey and Ice Cave.

You collected 3096 gold pieces.
You spent 386 gold pieces at shops.

Inventory:

Hand Weapons
 a - a +5 shortbow of freezing (weapon)
 b - a +2 heavy arbalest
 Y - a +0 arbalest
Missiles
 i - 13 throwing nets
Armour
 l - a +1 cloak of willpower (worn)
 r - a +0 pair of boots (worn)
 x - a +2 pair of gloves (worn)
 I - +0 steam dragon scales (worn)
 L - a +0 robe of resistance
 T - a +2 helmet (worn)
Magical Staves
 g - a staff of death
 z - a staff of earth
 B - a staff of air
 O - a staff of fire
 Q - a staff of conjuration
 Z - a staff of cold
Jewellery
 f - the ring of Crawling {*Slow rPois Int+7 SInv}
   (You took it off a centaur on level 7 of the Dungeon)

   [ring of see invisible]

   Int:       It affects your intelligence (+7).
   rPois:     It protects you from poison.
   SInv:      It lets you see invisible.
   *Slow:     It may slow you when you take damage.
 j - a +5 ring of evasion
 n - a +6 ring of dexterity (right hand)
 o - a ring of flight (left hand)
 q - a ring of magical power
 t - an amulet of guardian spirit
 J - a ring of wizardry
 K - a ring of willpower
 N - an amulet of magic regeneration (around neck)
 R - an amulet of reflection
Scrolls
 c - a scroll of amnesia
 p - 2 scrolls of fog
 s - a scroll of blinking
 v - a scroll of identify
 E - 2 scrolls of enchant armour
 H - 3 scrolls of enchant weapon
 S - 3 scrolls of teleportation
 U - 5 scrolls of fear
 X - 3 scrolls of magic mapping
Potions
 d - 4 potions of berserk rage
 e - 4 potions of haste
 h - 14 potions of curing
 k - 2 potions of might
 m - a potion of magic
 u - 6 potions of brilliance
 w - 4 potions of ambrosia
 A - 3 potions of lignification
 C - a potion of resistance
 G - 2 potions of invisibility
 P - 2 potions of cancellation
 W - 3 potions of heal wounds
Miscellaneous
 y - a phial of floods
 D - a piece from Xom's chessboard (15/15)
 F - a lightning rod (4/4)
 M - a phantom mirror
 V - a condenser vane


   Skills:
 - Level 12.0 Fighting
 - Level 18.0 Ranged Weapons
 * Level 9.3 Dodging
 - Level 1.2 Stealth
 + Level 15.7 Spellcasting
 - Level 13.3 Hexes
 - Level 13.0 Summonings
 * Level 1.0 Necromancy
 * Level 7.7 Translocations
 * Level 0.9 Earth Magic


You had 34 spell levels left.
You knew the following spells:

 Your Spells              Type           Power      Damage    Failure   Level
a - Portal Projectile     Hex/Tloc       98%        N/A       1%          3
b - Summon Guardian Gole  Hex/Summ       55%        N/A       1%          3
c - Call Canine Familiar  Summ           55%        N/A       1%          3
d - Teleport Other        Tloc           39%        N/A       1%          3

Your spell library contained the following spells:

 Spells                   Type           Power      Damage    Failure   Level
 Apportation              Tloc           78%        N/A       1%          1
 Slow                     Hex            100%       N/A       1%          1
 Summon Small Mammal      Summ           100%       N/A       1%          1
 Confusing Touch          Hex            56%        N/A       1%          3
 Gell's Gravitas          Tloc           39%        N/A       1%          3
 Leda's Liquefaction      Hex/Erth       18%        N/A       2%          4
 Necrotise                Necr           68%        1d7       3%          1
 Sandblast                Erth           32%        2d9       3%          1
 Passwall                 Tmut/Erth      12%        N/A       6%          2
 Vampiric Draining        Necr           17%        2d7       9%          3
 Yara's Violent Unravell  Hex/Tmut       18%        3d9       9%          5
 Stone Arrow              Conj/Erth      30%        3d8       12%         3
 Enfeeble                 Hex            28%        N/A       17%         7
 Dispersal                Tloc           19%        N/A       30%         6
 Borgnjor's Vile Clutch   Necr/Erth      8%         N/A       65%         5
 Alistair's Intoxication  Tmut/Pois      8%         N/A       78%         5
 Fireball                 Conj/Fire      6%         3d5       78%         5
 Spellforged Servitor     Conj/Summ      17%        N/A       95%         7
 Simulacrum               Ice/Necr       7%         N/A       99%         6
 Eringya's Noxious Bog    Tmut/Pois      6%         N/A       100%        6
 Orb of Destruction       Conj           6%         9d6       100%        7


Dungeon Overview and Level Annotations

Branches:
Dungeon (15/15)            Temple (1/1) D:4            Lair (5/5) D:10
  Swamp (0/4) Lair:2        Snake (0/4) Lair:3        Slime (0/5) Lair:5
    Orc (2/2) D:11         Depths (0/4) D:15         Bailey (visited)
  IceCv (visited)
    Elf: Orc:2       Vaults: D:13-14

Altars:
Ashenzari
Cheibriados
Dithmenos
Elyvilon
Fedhas
Gozag
Hepliaklqana
Kikubaaqudgha
Makhleb
Nemelex Xobeh
Okawaru
Qazlal
Ru
Sif Muna
Trog
Uskayaw
Vehumet
Wu Jian
Xom
Yredelemnul
Zin
The Shining One
Jiyva

Shops:
D:10 (   D:11 [

Portals:
Trove: D:10 (give +6 ice dragon scales)

Annotations:
Lair:1 exclusion: downstairs
Lair:5 1 runed translucent door


Message History

Casting: Call Canine Familiar (safe; 1% risk of failure)
Confirm with . or Enter, or press ? or * to list all spells.
You begin teleporting projectiles to their destination.
You fly downwards.
Welcome back to the Orcish Mines!
There is a staircase back to the Dungeon here.
Items here: )) [ รท.
There is a stone staircase leading down, spattered with blood here.
Things that are here:
a +0 chain mail; a +0 morningstar
Casting: Portal Projectile (safe; 1% risk of failure)
Confirm with . or Enter, or press ? or * to list all spells.
You renew your portal.
You fly downwards.
The orc knight roars a battlecry!
The orcs go into a battle-frenzy!
The orc warrior misses you. The orc warrior completely misses you.
The orc warrior barely misses Schminn.
The orc warlord hits you with a +1 dire flail of draining!!
You feel drained.
There is a stone staircase leading up, spattered with blood here.
The orc warrior hits you with a +0 battleaxe.
The orc warrior hits Schminn but does no damage.
The orc warrior closely misses you.
The orc warlord roars a battlecry!
The orc knight goes into a battle-frenzy!
The orc knight hits you with a +0 long sword!!
* * * LOW HITPOINT WARNING * * *
You fly upwards.
There is a stone staircase leading down, spattered with blood here.
Things that are here:
a +0 chain mail; a +0 morningstar
Casting: Portal Projectile (safe; 1% risk of failure)
Confirm with . or Enter, or press ? or * to list all spells.
Aiming: Teleport Other (safe; 1% risk of failure)
Press: ? - help, Shift-Dir - straight line, f - orc warlord
Aim: an orc warlord, wielding a +1 dire flail of draining and wearing a +0 chain mail (strong, chance to affect: 40%)
The orc warlord resists with some effort.
The orc warrior misses you. The orc warrior closely misses you.
The orc warlord hits you with a +1 dire flail of draining!!
You die...

#............##.##..
##..........#.......
##..)..[...#.......#
#.......[[#...#.....
#..........#.##.....
##................#.
#...[#...........###
#..[.........#...#
##R@o)...........##
#.ooo.............#
#....<........##.##
##...........#####
#............#
##.#.........####
##..##........#..##
#....##...........#
##....###.....#..##


You could see the friendly Schminn the knight, an orc warlord (strong, ally
target), an orc knight (strong) and 2 orc warriors.

Vanquished Creatures
  A frost giant (IceCv)
  Josephine (D:10)
  Erolcha (D:9)
  6 hydras
  3 catoblepae
  2 centaur warriors
  4 boulder beetles
  5 death yaks
  5 two-headed ogres
  The ghost of Demosthentine the Trooper, a novice DsGl of Nemelex Xobeh (D:9)
  2 orc high priests (Orc:2)
  Sonja (Lair:5)
  2 bog bodies (Lair:2)
  A harpy (shapeshifter) (D:14)
  2 orc knights (Orc:2)
  A deep elf pyromancer (D:12)
  A lindwurm (Lair:5)
  3 ugly things
  4 orc sorcerers (Orc:2)
  3 cyclopes
  The ghost of mandoloar the Skirmisher, a novice DEHu (D:6)
  5 black mambas
  An ice statue (IceCv)
  6 torpor snails
  7 elephants
  The ghost of sirJeffrey23 the Ruffian, a novice DrTm (D:6)
  10 rime drakes
  Maggie (D:8)
  An unseen horror (D:9)
  13 cane toads
  A kobold demonologist (D:10)
  6 komodo dragons
  A merfolk (D:10)
  2 trolls
  4 hornets
  A queen bee (shapeshifter) (D:13)
  A tarantella (shapeshifter) (D:14)
  10 polar bears
  3 tyrant leeches (Lair:5)
  7 blink frogs
  15 dream sheep
  A raiju (Lair:5)
  3 slime creatures
  A water elemental (D:13)
  A shadow (D:10)
  7 wraiths
  A vampire (D:12)
  5 wyverns
  6 basilisks
  48 yaks
  7 steam dragons
  Grum (Lair:1)
  9 vampire mosquitoes
  4 wargs
  Edmund (D:5)
  2 swamp worms (Lair:2)
  7 water moccasins
  3 acid dragons
  10 hell hounds (Lair:5)
  15 orc warriors
  4 ice beasts
  10 black bears
  2 sky beasts
  27 wolves
  4 ogres
  10 centaurs
  A phantom (D:7)
  8 bullfrogs
  8 gnoll sergeants
  A necrophage (D:6)
  3 scorpions (D:5)
  4 wights
  5 killer bees (D:7)
  6 electric eels
  2 howler monkeys (D:7)
  A lava snake (D:8)
  3 jellies
  5 hounds
  4 gnoll boudas
  15 orc priests
  Crazy Yiuf (D:3)
  5 iguanas
  6 orc wizards
  20 gnolls
  11 adders
  4 shadow imps
  An ufetubus (D:6)
  A worm (D:2)
  A dart slug (D:3)
  43 orcs
  5 ball pythons
  6 endoplasms
  4 giant cockroaches
  8 goblins
  7 hobgoblins
  4 jackals (D:2)
  13 kobolds
  6 quokkas
  5 bats
  3 frilled lizards
  4 rats
559 creatures vanquished.

Vanquished Creatures (collateral kills)
  3 hydras
  An ogre mage (D:15)
  A boulder beetle (D:14)
  A centaur warrior (D:15)
  4 two-headed ogres
  5 death yaks
  An orc high priest (Orc:2)
  A tengu warrior (D:14)
  A deep troll (D:15)
  The ghost of retardedninja the Chopper, a novice HOFi (D:6)
  A harpy (shapeshifter) (D:13)
  2 orc sorcerers
  3 ugly things
  6 elephants
  2 black mambas
  3 torpor snails
  2 cane toads (Lair:4)
  A kobold demonologist (D:6)
  3 rime drakes (Lair:2)
  An unseen horror (D:13)
  A komodo dragon (Lair:2)
  8 polar bears
  4 hornets (Lair:5)
  A tyrant leech (Lair:5)
  A raiju (Lair:5)
  4 dream sheep
  2 blink frogs
  6 slime creatures
  A wraith (D:10)
  Eustachio (D:5)
  A shadow (D:11)
  A wyvern (D:7)
  18 yaks
  A water elemental (D:13)
  A vampire (D:11)
  2 steam dragons (Lair:2)
  2 vampire mosquitoes
  An acid dragon (D:7)
  A warg (Lair:5)
  2 water moccasins
  5 hell hounds (Lair:5)
  4 black bears
  A sky beast (D:15)
  9 orc warriors
  An ogre (Orc:2)
  11 wolves
  2 centaurs
  2 kobold brigands
  A bullfrog (Lair:4)
  4 gnoll sergeants (Bailey)
  A scorpion (D:5)
  A killer bee (D:7)
  3 hounds
  3 gnoll boudas (Bailey)
  2 orc priests
  2 jellies
  An iguana (D:5)
  2 orc wizards
  5 gnolls
  3 shadow imps
  A white imp (D:6)
  The ghost of ASSMAN the Sneak, a weakling NaDe (D:6)
  11 orcs
178 creatures vanquished.

Vanquished Creatures (others)
  A boulder beetle (Lair:2)
  2 death yaks (Lair:2)
  An elephant (Lair:3)
  2 rime drakes (Lair:2)
  4 knights
  An orc wizard (Orc:2)
  4 ancestors
  21 fungi
  47 plants
  2 withered plants (D:6)
85 creatures vanquished.

Grand Total: 822 creatures vanquished

Notes
Turn   | Place    | Note
-------+----------+-------------------------------------------
     0 | D:1      | jimonade the Deep Elf Hunter began the quest for the Orb.
     0 | D:1      | Reached XP level 1. HP: 12/12 MP: 3/3
   126 | D:1      | Reached skill level 6 in Ranged Weapons
   126 | D:1      | Reached XP level 2. HP: 16/16 MP: 4/4
   871 | D:2      | Reached XP level 3. HP: 13/20 MP: 5/5
  1052 | D:2      | Reached skill level 7 in Ranged Weapons
  1094 | D:2      | Reached XP level 4. HP: 23/25 MP: 6/6
  1291 | D:3      | Found a runed translucent door.
  1292 | D:3      | Noticed Crazy Yiuf
  1304 | D:3      | Killed Crazy Yiuf
  1305 | D:3      | Reached skill level 8 in Ranged Weapons
  1641 | D:3      | Found a faded altar of an unknown god.
  1689 | D:3      | Reached XP level 5. HP: 29/29 MP: 7/7
  2087 | D:4      | Found a staircase to the Ecumenical Temple.
  2279 | Temple   | Entered the Ecumenical Temple
  2651 | Temple   | Became a worshipper of Hepliaklqana the Forgotten
  2930 | D:4      | Reached skill level 9 in Ranged Weapons
  2984 | D:4      | Noticed a sky beast
  3004 | D:4      | Reached XP level 6. HP: 22/34 MP: 8/8
  3026 | D:4      | Killed a sky beast
  3027 | D:4      | Reached skill level 10 in Ranged Weapons
  3629 | D:5      | Entered Level 5 of the Dungeon
  3644 | D:5      | Reached skill level 11 in Ranged Weapons
  3644 | D:5      | Noticed an ice beast
  3651 | D:5      | Killed an ice beast
  3652 | D:5      | Reached XP level 7. HP: 38/38 MP: 9/9
  3781 | D:5      | Reached * piety under Hepliaklqana
  3965 | D:5      | Reached skill level 12 in Ranged Weapons
  3971 | D:5      | Noticed Eustachio
  4041 | D:5      | Killed Eustachio
  4042 | D:5      | Reached skill level 13 in Ranged Weapons
  4042 | D:5      | Reached XP level 8. HP: 36/38 MP: 10/10
  4400 | D:5      | Noticed Edmund
  4410 | D:5      | Killed Edmund
  4661 | D:5      | Reached skill level 14 in Ranged Weapons
  4825 | D:5      | Identified the +4 mace of Fee Simple {speed, rF++ rC- Int+2
                  | Dex+3}
  5433 | D:6      | Reached skill level 15 in Ranged Weapons
  5453 | D:6      | Found a transporter.
  5462 | D:6      | Noticed a kobold demonologist
  5602 | D:6      | Found a hide-covered altar of Uskayaw.
  5809 | D:6      | Found a transporter.
  6033 | D:6      | Reached ** piety under Hepliaklqana
  6034 | D:6      | Remembered your ancestor Schminn as a knight
  6058 | D:6      | Reached XP level 9. HP: 42/42 MP: 11/11
  6086 | D:6      | Reached skill level 16 in Ranged Weapons
  6165 | D:6      | Found a runed translucent gate.
  6165 | D:6      | Found a runed translucent gate.
  6165 | D:6      | Found a runed translucent gate.
  6167 | D:6      | Noticed sirJeffrey23's ghost (novice DrTm)
  6167 | D:6      | Noticed mandoloar's ghost (novice DEHu)
  6168 | D:6      | Noticed retardedninja's ghost (novice HOFi)
  6168 | D:6      | Noticed ASSMAN's ghost (weakling NaDe)
  6553 | D:7      | Reached skill level 17 in Ranged Weapons
  6611 | D:7      | Identified the ring of Crawling {*Slow rPois Int+7 SInv}
  6769 | D:7      | Reached skill level 18 in Ranged Weapons
  6794 | D:7      | Reached skill level 1 in Spellcasting
  6794 | D:7      | Reached skill level 1 in Hexes
  6877 | D:7      | Found the +9 sword of Zonguldrok {reap}
  7109 | D:7      | Reached XP level 10. HP: 48/48 MP: 16/16
  7704 | D:8      | Reached *** piety under Hepliaklqana
  7836 | D:8      | Noticed Maggie
  7843 | D:8      | Killed Maggie
  7898 | D:8      | Found a glowing silver altar of Zin.
  8313 | D:8      | Reached skill level 5 in Spellcasting
  8667 | D:9      | Noticed a two-headed ogre
  8671 | D:9      | Killed a two-headed ogre
  8672 | D:9      | Reached skill level 5 in Hexes
  8688 | D:9      | Found a white marble altar of Elyvilon.
  8716 | D:9      | Found a flagged portal.
  8726 | Bailey   | Entered a bailey
  8841 | Bailey   | Reached skill level 5 in Fighting
  8932 | Bailey   | Got the Vademecum on the Tundra and Assaults
  9096 | D:9      | Noticed Erolcha
  9133 | D:9      | Reached XP level 11. HP: 12/57 MP: 23/23
  9473 | D:9      | Killed Erolcha
  9481 | D:9      | Noticed a two-headed ogre
  9492 | D:9      | Killed a two-headed ogre
  9642 | D:9      | Found a runed translucent door.
  9643 | D:9      | Noticed Demosthentine's ghost (novice DsGl)
  9996 | D:10     | Entered Level 10 of the Dungeon
 10142 | D:10     | Noticed Josephine
 10152 | D:10     | Killed Josephine
 10239 | D:10     | Found a portal to a secret trove of treasure.
 10382 | D:10     | Found a staircase to the Lair.
 10440 | D:10     | Found Noggio Emeg's Antique Weapon Emporium.
 10796 | D:10     | Bought a runed arbalest for 172 gold pieces
 10826 | D:10     | Identified a scroll of acquirement
 10871 | D:11     | Reached **** piety under Hepliaklqana
 10891 | D:11     | Reached XP level 12. HP: 67/67 MP: 26/26
 10908 | D:11     | Learned a level 3 spell: Portal Projectile
 10912 | D:11     | Learned a level 3 spell: Summon Guardian Golem
 10915 | D:11     | Found a staircase to the Orcish Mines.
 10916 | D:11     | Found Patoxt's Armour Boutique.
 11068 | D:11     | Noticed a two-headed ogre
 11075 | D:11     | Killed a two-headed ogre
 11098 | D:11     | Identified the +7 quarterstaff "Nuegass" {venom, +Blink
                  | Str+4}
 11144 | D:11     | Bought a +1 cloak of willpower for 214 gold pieces
 11198 | D:11     | Noticed a two-headed ogre
 11204 | D:11     | Killed a two-headed ogre
 11652 | Lair:1   | Entered Level 1 of the Lair of Beasts
 11652 | Lair:1   | Noticed Grum
 11659 | Lair:1   | Killed Grum
 11722 | Lair:1   | Reached skill level 1 in Summonings
 12036 | Lair:1   | Noticed a boulder beetle
 12042 | Lair:1   | Killed a boulder beetle
 12043 | Lair:1   | Reached skill level 10 in Fighting
 12617 | Lair:2   | Reached ***** piety under Hepliaklqana
 12862 | Lair:2   | Noticed a death yak
 12862 | Lair:2   | Noticed a death yak
 12867 | Lair:2   | Noticed a death yak
 12868 | Lair:2   | Noticed a death yak
 12872 | Lair:2   | Noticed a death yak
 12940 | Lair:2   | Noticed a boulder beetle
 12960 | Lair:2   | Killed a boulder beetle
 13062 | Lair:2   | Identified the +1 leather armour "Niafrofust" {rCorr}
 13128 | Lair:2   | Reached skill level 10 in Spellcasting
 13278 | Lair:2   | Reached skill level 10 in Hexes
 13282 | Lair:2   | Learned a level 3 spell: Call Canine Familiar
 13306 | Lair:2   | Found a glowing silver altar of Zin.
 13474 | Lair:2   | Acquired 667 gold pieces
 13589 | Lair:2   | Reached XP level 13. HP: 69/74 MP: 17/29
 13665 | Lair:2   | Reached skill level 5 in Summonings
 14055 | Lair:2   | Reached skill level 5 in Dodging
 14190 | Lair:2   | Found a staircase to the Swamp.
 14585 | Lair:3   | Found a snail-covered altar of Cheibriados.
 14956 | Lair:3   | Found a staircase to the Snake Pit.
 15116 | Lair:3   | Found a radiant altar of Vehumet.
 15216 | Lair:3   | Identified the +1 pair of boots "Fuisoa" {rElec Int+3}
 15742 | Lair:4   | Reached XP level 14. HP: 81/81 MP: 23/32
 16415 | Lair:5   | Entered Level 5 of the Lair of Beasts
 16471 | Lair:5   | Reached skill level 1 in Translocations
 16951 | Lair:5   | Found a runed translucent door.
 17100 | Lair:5   | Reached skill level 10 in Summonings
 17855 | Lair:5   | Identified the +4 rapier of Ash {venom, rPois Int+2}
 17864 | Lair:5   | Noticed Sonja
 17869 | Lair:5   | Killed Sonja
 17965 | Lair:5   | Found a viscous altar of Jiyva.
 17965 | Lair:5   | Found a staircase to the Slime Pits.
 18092 | Lair:5   | Reached ****** piety under Hepliaklqana
 18839 | Lair:5   | Reached XP level 15. HP: 68/86 MP: 27/34
 19257 | Orc:1    | Entered Level 1 of the Orcish Mines
 19428 | Orc:2    | Entered Level 2 of the Orcish Mines
 19997 | Orc:2    | Reached skill level 5 in Translocations
 20393 | D:12     | Found a frozen archway.
 20403 | IceCv    | Entered an ice cave
 21014 | IceCv    | Noticed a frost giant
 21047 | IceCv    | Killed a frost giant
 21292 | IceCv    | Found the +8 frozen axe "Frostbite" {freeze, freezing
                  | cloud, *Noise Fly rC+}
 21718 | D:12     | You fall into a shaft and drop 3 floors!
 21718 | D:15     | Entered Level 15 of the Dungeon
 21947 | D:15     | Reached skill level 15 in Spellcasting
 22020 | D:15     | Found a staircase to the Depths.
 23223 | D:13     | Identified the +10 trident of Extremism {elec, *Slow rElec
                  | rC+ rCorr}
 23737 | D:12     | Identified the ring "Koredauci" {rCorr MP+9}
 24234 | D:6      | Reached XP level 16. HP: 90/90 MP: 31/37
 24381 | D:6      | Killed sirJeffrey23's ghost
 24383 | D:6      | Killed mandoloar's ghost
 24391 | D:6      | Killed retardedninja's ghost
 24391 | D:6      | Killed ASSMAN's ghost
 24399 | D:6      | Identified the +6 glaive "Bamia" {freeze, Str+2 Int+2
                  | Dex+5}
 24559 | D:9      | Killed Demosthentine's ghost
 24560 | D:9      | Reached skill level 1 in Necromancy
 24609 | D:9      | Learned a level 3 spell: Teleport Other
 24694 | Orc:1    | Mangled by an orc warlord

Illustrated notes

Levels and vault maps discovered:
D:1:      dpeg_arrival_round_c, layout_basic, hangedman_abyss_or_decor_stabs,
          nrook_uturn, serial_bayou_lagoon_a, kennysheep_another_room
D:2:      layout_basic
D:3:      layout_basic, shapermc_ecumenical_altar_notcrosses,
          minmay_misc_feat_x, kennysheep_generic_room_11,
          uniq_crazy_yiuf_cottage
D:4:      layout_loops_corners, minmay_temple_entry_offerings,
          minmay_divided_ellipse
D:5:      layout_loops_corners, guppyfry_early_orc_mine, uniq_eustachio,
          uniq_edmund
D:6:      gammafunk_wand_slinger, layout_loops_corners,
          eat_drink_and_be_merry_uskayaw, gammafunk_ghost_cemetery
D:7:      minmay_the_grid_triangle_9x9_rhombus_thin
          [minmay_the_grid_triangle_9x9_wacky_v,
          minmay_the_grid_triangle_9x9_prize_insulated,
          minmay_the_grid_triangle_9x9_descending_squares,
          minmay_the_grid_triangle_9x9_swiss_cheese], layout_loops_ring,
          kennysheep_generic_room_8
D:8:      layout_cave_pools, zin_statuary, hex_tiny, kennysheep_diamond,
          uniq_maggie
D:9:      layout_rooms, elyvilon_altar_1, enter_bailey_5,
          ebering_ghost_reflecting_pool, uniq_erolcha
D:10:     layout_basic, david_lair_shrubbed, enter_trove_0, serial_shops, shop,
          corexii_checkpoint_b, hangedman_fish_farm, uniq_josephine
D:11:     layout_basic, orc_david_3
D:12:     layout_cave_pools, portal_ice_cave_entry_pillars_1
D:13:     layout_basic
D:14:     layout_rooms, grunt_vaults_entry_tiered, minivault_4, uniq_kirke,
          uniq_agnes, uniq_lodul
D:15:     hangedman_depths_entry_civil_slaughter, layout_loops_ring,
          dreamdust_looks_like_rain, uniq_nessos, uniq_roxanne
Temple:   compressed_dpeg_triangle_lava_temple
Lair:1:   layout_small_grid, minmay_stone_trees_small, nzn_sisyphean_effort,
          uniq_grum
Lair:2:   layout_chaotic_city, nicolae_swamp_entry_splash_gauntlet, basic_altar,
          bobbens_dragon_lair_wall
Lair:3:   layout_cave_shapes, dummy_snake_entry, basic_altar,
          kennysheep_snail_temple
Lair:4:   layout_hall_layers, st_stairs_10, chequers_serial_rivers_large_a,
          beast_lair_carwin_5
Lair:5:   wormcave, layout_cave_pods, hangedman_lair_caniforms_friends,
          dpeg_slime_entry_enclosed, minivault_24, uniq_sonja
Orc:1:    layout_caves, hangedman_minor_magic
Orc:2:    grunt_orc_cross, layout_caves

Skill      XL: |  1  2  3  4  5  6  7  8  9 10 11 12 13 14 15 16 |
---------------+-------------------------------------------------+-----
Ranged Weapons | 6 7 8 9 11 13 15 18 | 18.0
Fighting       | 2 5 8 10 11 12 | 12.0
Spellcasting   | 3 6 8 10 12 13 15 | 15.7
Hexes          | 2 6 8 10 11 13 | 13.3
Dodging        | 3 4 5 7 9 |  9.3
Summonings     | 4 8 10 13 | 13.0
Translocations | 4 7 |  7.7
Necromancy     | 1 |  1.0
Stealth        | |  1.2
Earth Magic    | |  0.9

Action                     |  1- 3 |  4- 6 |  7- 9 | 10-12 | 13-15 | 16-18 || total
---------------------------+-------+-------+-------+-------+-------+-------++-------
   Fire: Shortbow          |   102 |   148 |   301 |   568 |  1208 |    28 ||  2355
         Arbalest          |       |       |       |    45 |    16 |       ||    61
   Cast: Portal Projectile |       |       |       |    26 |   142 |     5 ||   173
         Call Canine Famil |       |       |       |     4 |    90 |    10 ||   104
         Summon Guardian G |       |       |       |     3 |     6 |       ||     9
         Teleport Other    |       |       |       |       |       |     1 ||     1
 Invoke: Recall Ancestor   |       |       |     2 |     5 |    12 |       ||    19
         Ancestor Identity |       |       |     1 |       |       |       ||     1
         Ancestor Life: Kn |       |       |     1 |       |       |       ||     1
         Transference      |       |       |       |       |     1 |       ||     1
  Evoke: Phantom mirror    |       |       |       |       |     2 |       ||     2
    Use: Scroll            |       |       |    15 |    11 |     5 |       ||    31
         Potion            |       |       |       |       |     2 |       ||     2
 Armour: Leather armour    |    11 |    29 |    10 |       |       |       ||    50
         Ring mail         |     1 |       |       |       |       |       ||     1
         Steam dragon scal |       |       |       |    19 |    72 |     1 ||    92
  Dodge: Dodged            |    29 |    57 |    32 |    43 |   306 |     7 ||   474

Table legend: (Time is in decaauts)
 A = Elapsed time spent in this place.
 B = Non-inter-level travel time spent in this place.
 C = Inter-level travel time spent in this place.
 D = Time resting spent in this place.
 E = Time spent auto-exploring this place.
 F = Levels seen in this place.
 G = Mean time per level.
                   A        B        C        D        E       F      G
               +--------+--------+--------+--------+--------+-----+--------+
         Total |  24231 |  22584 |   1647 |   3650 |  13296 |  25 |  969.2 |
       Dungeon |  13786 |  12555 |   1231 |   1712 |   7940 |  15 |  919.1 |
        Temple |    395 |    345 |     50 |      0 |    258 |   1 |  395.0 |
          Lair |   7452 |   7097 |    355 |   1240 |   4241 |   5 | 1490.4 |
  Orcish Mines |   1056 |   1047 |      9 |    545 |    169 |   2 |  528.0 |
        Bailey |    335 |    335 |      0 |      0 |    134 |   1 |  335.0 |
      Ice Cave |   1205 |   1205 |      0 |    152 |    554 |   1 | 1205.0 |
               +--------+--------+--------+--------+--------+-----+--------+

Top non-repeatable levels by time:
  Lair:5: 2518 daAuts
     D:5: 1771 daAuts
  Lair:2: 1693 daAuts
     D:7: 1311 daAuts
     D:4: 1271 daAuts
     D:6: 1242 daAuts
    D:13: 1226 daAuts
   IceCv: 1205 daAuts
  Lair:1: 1113 daAuts
  Lair:4: 1074 daAuts
  Lair:3: 1052 daAuts
     D:9: 1050 daAuts
     D:8: 985 daAuts
    D:10: 973 daAuts
    D:11: 906 daAuts
